 Dungeon Sprint DCSS version 0.23-a0-189-gc87c613 (webtiles) character file.

8211 Felrender the Warrior (level 11, -7/114 HPs)
             Began as a Minotaur Berserker on Sept 23, 2018.
             Was the Champion of Trog.
             Mangled by an orc knight
             ... wielding a +1 war axe of electrocution
              (12 damage)
             ... in the Dungeon (Sprint IX: "|||||||||||||||||||||||||||||") on Sept 24, 2018.
             The game lasted 00:06:26 (2126 turns).

Felrender the Warrior (Minotaur Berserker)          Turns: 2126, Time: 00:06:27

Health: -7/114     AC: 21    Str: 28    XL:     11   Next: 6%
Magic:  10/10      EV: 15    Int: 10    God:    Trog [******]
Gold:   650        SH:  0    Dex: 10    Spells: 10/10 levels left

rFire    . . .     SeeInvis .   z - +12 rapier of the Heart {protect, Int+3}
rCold    . . .     Gourm    .   (no shield)
rNeg     + . .     Faith    .   u - +4 scale mail {rN+}
rPois    .         Spirit   .   (helmet restricted)
rElec    .         Reflect  .   o - +0 cloak
rCorr    .         Harm     .   (no gloves)
MR       ++...     NoTele   +   (no boots)
Stlth    ..........             (no amulet)
HPRegen  1.29/turn              q - +3 ring of intelligence
MPRegen  0.12/turn              r - +3 ring of strength

@: protection aura, berserk cooldown, regenerating, slowed, very slow
A: retaliatory headbutt, horns 2
a: Berserk, Trog's Hand, Brothers in Arms, Renounce Religion


You were in the Dungeon.
You worshipped Trog.
Trog was exalted by your worship.
You were not hungry.

You visited 1 branch You collected 650 gold pieces.

Inventory:

Hand Weapons
 a - a +0 hand axe
 k - a -1 short sword
 n - the +2 halberd of Vief Xip {chop, *Noise rC++ Dex+6}
   (You found it in the Dungeon)

   It inflicts extra damage upon your enemies.
   It affects your dexterity (+6).
   It greatly protects you from cold.
   It may make noises in combat.
 s - a +3 dagger of freezing
 x - a +3 quarterstaff of protection
 y - a +1 battleaxe of electrocution
 z - the +12 rapier of the Heart (weapon) {protect, Int+3}
   (Trog gifted it to you in the Dungeon)

   It protects the one who uses it against injury (+AC on strike).
   It affects your intelligence (+3).
 A - a +2 battleaxe of venom
 C - a +4 antimagic hand axe
 D - a +1 short sword of venom
 F - a +2 executioner's axe of venom
Armour
 b - a +0 animal skin
 o - a +0 cloak (worn)
 p - a +1 chain mail
 u - a +4 scale mail of positive energy (worn)
Jewellery
 q - a +3 ring of intelligence (left hand)
 r - a +3 ring of strength (right hand)
Wands
 m - a wand of iceblast (10)
 B - a wand of flame (18)
Scrolls
 i - 4 scrolls of blinking
 l - 2 scrolls of remove curse
 w - 3 scrolls of fog
Potions
 c - a potion of mutation
 d - 4 potions of curing
 e - 6 potions of heal wounds
 f - a potion of haste
 g - 4 potions of magic
 h - a potion of berserk rage
 j - a potion of invisibility
 t - a potion of agility
Comestibles
 v - 11 rations
 E - 25 chunks of flesh


   Skills:
 + Level 16.0 Fighting
 + Level 7.7 Short Blades
 + Level 13.0(15.6) Axes
 + Level 14.8(16.5) Polearms
 + Level 12.4 Armour
 + Level 11.5 Dodging
 + Level 1.5 Stealth


You had 10 spell levels left.
You didn't know any spells.
Your spell library was empty.

Dungeon Overview and Level Annotations

Branches:
Dungeon (1/1)

Altars:
Cheibriados
Dithmenos
Elyvilon
Fedhas
Gozag
Hepliaklqana
Kikubaaqudgha
Makhleb
Nemelex Xobeh
Okawaru
Qazlal
Ru
Sif Muna
Trog
Uskayaw
Vehumet
Wu Jian
Xom
Yredelemnul
Zin
The Shining One
Beogh
Jiyva
Lugonu


Innate Abilities, Weirdness & Mutations

You reflexively headbutt those who attack you in melee.
You have a pair of horns on your head.


Message History

The orc warrior jeers to no one in particular.
The orc knight misses you. You furiously retaliate!
You headbutt the orc knight. You hit the orc knight.
The orc knight is moderately wounded.
The orc knight hits you with a war axe of electrocution!!
You are electrocuted!
* * * LOW HITPOINT WARNING * * *
You puncture the orc knight! You headbutt the orc knight.
The orc knight is heavily wounded.
The orc knight roars a battlecry!
The orcs go into a battle-frenzy!
The orc knight hits you with a war axe of electrocution!!
* * * LOW HITPOINT WARNING * * *
You impale the orc knight!!
You headbutt the orc knight, but do no damage.
The orc knight is severely wounded.
The orc priest casts a cantrip, but nothing happens.
The orc knight hits you with a war axe of electrocution!
You die...

▓.▓.▓÷▓.▓_▓
▓.▓.▓.▓.▓_▓
▓.▓.▓.▓.▓_▓
▓.▓.▓.▓.▓_▓
▓.▓.▓.▓.▓_▓
▓.▓.▓.▓.▓_▓
▓'▓.▓.▓.▓_▓
▓)▓.▓.▓.▓_▓
▓@▓.▓.▓.▓_▓
▓o▓.▓.▓.▓_▓
▓o▓.▓'▓.▓_▓
▓o▓.▓†▓.▓_▓
▓o▓.▓.▓.▓_▓
▓o▓.▓÷▓.▓_▓
▓o▓.▓.▓.▓_▓
▓o▓.▓.▓.▓_▓
▓.▓.▓.▓.▓_▓


You could see an orc knight, 4 orc warriors, an orc priest and an orc.

Vanquished Creatures
  2 hydras (D)
  Sonja (D)
  An unseen horror (D)
  A manticore (D)
  2 black mambas (D)
  2 gargoyles (D)
  A komodo dragon (D)
  5 polar bears (D)
  2 hippogriffs (D)
  2 yaks (D)
  A basilisk (D)
  A hungry ghost (D)
  2 water moccasins (D)
  3 black bears (D)
  A porcupine (D)
  3 orc warriors (D)
  A wolf (D)
  An ogre (D)
  3 crocodiles (D)
  3 bullfrogs (D)
  A hound (D)
  2 orc priests (D)
  5 orc wizards (D)
  An adder (D)
  An adder zombie (D)
  An adder skeleton (D)
  A worm (D)
  7 orcs (D)
  A hobgoblin (D)
  A kobold (D)
  A quokka (D)
  2 bats (D)
  A leopard gecko skeleton (D)
  A quokka zombie (D)
  A rat (D)
65 creatures vanquished.

Vanquished Creatures (collateral kills)
  An orc knight (D)
1 creature vanquished.

Grand Total: 66 creatures vanquished

Notes
Turn   | Place    | Note
-------+----------+-------------------------------------------
     0 | D        | Felrender the Minotaur Berserker began the quest for the
                  | Orb.
     0 | D        | Reached XP level 1. HP: 19/19 MP: 0/0
    11 | D        | Reached skill level 4 in Fighting
    14 | D        | Reached ** piety under Trog
    37 | D        | Reached *** piety under Trog
    37 | D        | Reached XP level 2. HP: 15/28 MP: 1/1
    37 | D        | Reached skill level 5 in Fighting
    44 | D        | Reached **** piety under Trog
    44 | D        | Reached skill level 5 in Axes
    52 | D        | Found a roughly hewn altar of Beogh.
    52 | D        | Found a snail-covered altar of Cheibriados.
    52 | D        | Found a shadowy altar of Dithmenos.
    52 | D        | Found a white marble altar of Elyvilon.
    52 | D        | Found a blossoming altar of Fedhas.
    52 | D        | Found an opulent altar of Gozag.
    53 | D        | Found a hazy altar of Hepliaklqana.
    54 | D        | Found a viscous altar of Jiyva.
    55 | D        | Found an ancient bone altar of Kikubaaqudgha.
    56 | D        | Found a corrupted altar of Lugonu.
    57 | D        | Found a burning altar of Makhleb.
    58 | D        | Found a sparkling altar of Nemelex Xobeh.
   275 | D        | Found an iron altar of Okawaru.
   276 | D        | Found a stormy altar of Qazlal.
   277 | D        | Found a sacrificial altar of Ru.
   278 | D        | Found a deep blue altar of Sif Muna.
   279 | D        | Found a bloodstained altar of Trog.
   280 | D        | Found a hide-covered altar of Uskayaw.
   281 | D        | Found a radiant altar of Vehumet.
   282 | D        | Found an ornate altar of the Wu Jian Council.
   283 | D        | Found a shimmering altar of Xom.
   284 | D        | Found a basalt altar of Yredelemnul.
   285 | D        | Found a glowing silver altar of Zin.
   286 | D        | Found a glowing golden altar of the Shining One.
   305 | D        | Got the +2 halberd of Vief Xip {chop, *Noise rC++ Dex+6}
   347 | D        | Noticed a water moccasin
   347 | D        | Noticed a gargoyle
   347 | D        | Noticed a bullfrog
   355 | D        | Killed a water moccasin
   355 | D        | Reached skill level 7 in Fighting
   355 | D        | Reached XP level 3. HP: 40/40 MP: 2/2
   355 | D        | Reached XP level 4. HP: 48/48 MP: 3/3
   365 | D        | Killed a gargoyle
   365 | D        | Received a gift from Trog
   365 | D        | Reached skill level 10 in Fighting
   365 | D        | Reached skill level 10 in Axes
   365 | D        | Reached XP level 5. HP: 49/59 MP: 4/4
   365 | D        | Reached XP level 6. HP: 56/67 MP: 5/5
   368 | D        | Killed an unseen horror
   368 | D        | Reached skill level 12 in Fighting
   368 | D        | Reached skill level 5 in Short Blades
   368 | D        | Reached XP level 7. HP: 66/78 MP: 6/6
   370 | D        | Reached XP level 8. HP: 72/85 MP: 7/7
   621 | D        | Noticed a manticore
   621 | D        | Noticed a gargoyle
   627 | D        | Reached ***** piety under Trog
   634 | D        | Killed a manticore
   634 | D        | Reached skill level 13 in Fighting
   634 | D        | Reached skill level 5 in Polearms
   638 | D        | Killed a gargoyle
   638 | D        | Received a gift from Trog
   973 | D        | Noticed a black mamba
   973 | D        | Noticed an eight-headed hydra
   973 | D        | Noticed a hippogriff
   973 | D        | Noticed a hippogriff
   975 | D        | Reached XP level 9. HP: 94/94 MP: 8/8
   977 | D        | Noticed a four-headed hydra
   984 | D        | Killed a 12-headed hydra
   984 | D        | Reached skill level 14 in Fighting
   985 | D        | Killed a black mamba
   985 | D        | Reached skill level 1 in Stealth
   986 | D        | Noticed a komodo dragon
   990 | D        | Reached skill level 10 in Armour
   992 | D        | Received a gift from Trog
   997 | D        | Killed a seven-headed hydra
   997 | D        | Reached skill level 10 in Polearms
   997 | D        | Reached skill level 10 in Dodging
   997 | D        | Reached XP level 10. HP: 18/104 MP: 9/9
   999 | D        | HP: 6/156 [komodo dragon (12)]
  1002 | D        | Reached skill level 15 in Fighting
  1005 | D        | HP: 5/157 [poisoned by a black mamba]
  1345 | D        | Noticed a black mamba
  1366 | D        | Killed a black mamba
  1366 | D        | Reached ****** piety under Trog
  1366 | D        | Received a gift from Trog
  1400 | D        | Received a gift from Trog
  1598 | D        | Noticed Sonja
  1604 | D        | Killed Sonja
  1604 | D        | Received a gift from Trog
  1989 | D        | Received a gift from Trog
  1995 | D        | Got a crystal rapier {god gift}
  2000 | D        | Reached XP level 11. HP: 89/114 MP: 10/10
  2098 | D        | Noticed an orc knight
  2102 | D        | Noticed an orc knight
  2107 | D        | Received a gift from Trog
  2107 | D        | Reached skill level 16 in Fighting
  2116 | D        | Identified the +12 rapier of the Heart {protect, Int+3}
                  | (Trog gifted it to you in the Dungeon)
  2117 | D        | Killed an orc knight
  2125 | D        | HP: 3/114 [orc knight/war axe of electrocution (18)]
  2126 | D        | Mangled by an orc knight

Vault maps used:
D:        linesprint

Skill      XL: |  1  2  3  4  5  6  7  8  9 10 11 |
---------------+----------------------------------+-----
Fighting       | 4 7 10 12 13 14 15 16 | 16.0
Axes           | 4 7 10 11 12 13 | 13.0
Armour         | 4 6 7 8 10 12 | 12.4
Short Blades   | 2 4 5 6 7 |  7.7
Dodging        | 4 6 7 8 10 11 | 11.5
Polearms       | 2 4 6 10 14 | 14.8
Stealth        | 1 |  1.5

Action                   |  1- 3 |  4- 6 |  7- 9 | 10-12 || total
-------------------------+-------+-------+-------+-------++-------
Melee: Hand axe          |    12 |       |       |       ||    12
       Short sword       |    13 |       |       |       ||    13
       Headbutt          |     6 |     3 |     8 |    18 ||    35
       Halberd           |     6 |    12 |    36 |    96 ||   150
       Rapier            |       |       |       |     5 ||     5
Invok: Berserk           |     1 |       |     2 |     1 ||     4
       Trog's Hand       |     1 |       |     1 |     2 ||     4
       Brothers in Arms  |       |       |       |     1 ||     1
  Use: Scroll            |     1 |       |       |       ||     1
       Potion            |       |       |       |     4 ||     4
  Eat: Chunk             |       |       |     1 |     3 ||     4
       Ration            |       |       |     1 |     1 ||     2
Armor: Animal skin       |     6 |       |       |       ||     6
       Chain mail        |     6 |     3 |     5 |       ||    14
       Scale mail        |       |       |    11 |    32 ||    43
Dodge: Dodged            |    18 |     6 |    39 |    73 ||   136

Table legend:
 A = Non-vault XP
 B = Vault XP
 C = Vault XP percentage of total XP
 D = Non-vault monster count
 E = Vault monster count
 F = Vault count percentage of total count
                 A         B        C        D         E       F
            +---------+---------+-------+---------+---------+-------
      Total |       0 |   11731 | 100.0 |       0 |      66 | 100.0
            +---------+---------+-------+---------+---------+-------
          D |       0 |   11731 | 100.0 |       0 |      66 | 100.0
            +---------+---------+-------+---------+---------+-------
